Map: Ice and Chrome LE

Players

MaxPax - Winner!

  • Race: Protoss Protoss
  • League: Master
  • Spawn Location: 7:00

Lambo

  • Race: Zerg Zerg
  • Spawn Location: 1:00

Event: DreamHack SC2 Masters 2020 Fall

VOD

Have the link to the VOD?

Description

Time

  • Played on: Aug. 29, 2020, 12:51 p.m.
  • Length: 9:06

All games in this series

Show
View Real Time Build Order
Export as new Build Order

MaxPax Protoss - Winner!

Build Orders: 1 Gate Expand 

Get SALT Encoding   

  12  0:00  Probe  
  13  0:12  Probe  
  14  0:20  Pylon  
  14  0:25  Probe  
  15  0:38  Probe (Chrono Boost)  
  15  0:40  Gateway  
  16  0:49  Probe (Chrono Boost)  
  17  0:53  Probe (Chrono Boost)  
  17  0:55  Assimilator  
  18  1:02  Pylon  
  18  1:05  Probe  
  19  1:17  Probe  
  20  1:28  Cybernetics Core  
  20  1:36  Nexus  
  20  1:39  Probe  
  21  1:45  Pylon  
  21  1:51  Probe  
  22  1:54  Assimilator  
  22  2:01  Adept (Chrono Boost)  
  22  2:03  Probe  
  25  2:15  Probe  
  26  2:21  Adept (Chrono Boost)  
  26  2:27  Probe  
  29  2:33  Stargate  
  29  2:39  Probe  
  29  2:40  Warp Gate  
  30  2:48  Adept  
  32  2:51  Probe  
  32  2:52  Probe  
  34  3:04  Probe x2  
  34  3:08  Void Ray (Chrono Boost)  
  34  3:15  Gateway  
  34  3:16  Probe x2  
  40  3:25  Pylon  
  40  3:28  Probe x2  
  42  3:40  Probe x2  
  44  3:45  Twilight Council  
  44  3:48  Assimilator  
  44  3:50  Assimilator  
  44  3:55  Gateway x2  
  44  3:56  Probe  
  44  3:57  Probe  
  46  4:05  Pylon  
  46  4:08  Probe  
  47  4:13  Probe  
  48  4:18  Resonating Glaives (Chrono Boost), Pylon  
  48  4:20  Probe  
  49  4:25  Probe  
  49  4:28  Adept  
  49  4:29  Adept  
  54  4:32  Probe  
  54  4:37  Pylon  
  55  4:43  Probe  
  56  4:53  Adept x2  
  58  5:09  Adept x2  
  62  5:15  Stargate, Phoenix  
  62  5:16  Nexus  
  62  5:17  Pylon  
  65  5:21  Probe  
  65  5:26  Adept  
  67  5:31  Probe  
  67  5:33  Probe  
  67  5:34  Adept x2  
  71  5:36  Adept  
  71  5:42  Phoenix (Chrono Boost)  
  69  5:43  Probe  
  69  5:45  Probe  
  69  5:49  Pylon  
  73  5:52  Adept  
  73  5:55  Adept x2, Probe  
  80  5:59  Adept  
  82  6:09  Phoenix (Chrono Boost)  
  82  6:10  Probe  
  87  6:17  Probe  
  88  6:19  Phoenix (Chrono Boost)  
  88  6:23  Dark Shrine  
  90  6:26  Phoenix (Chrono Boost)  
  92  6:32  Phoenix (Chrono Boost)  
  88  6:43  Phoenix (Chrono Boost)  
  86  6:49  Probe x2  
  86  6:52  Charge  
  86  6:54  Phoenix (Chrono Boost), Gateway  
  82  6:56  Probe  
  83  7:01  Phoenix (Chrono Boost), Probe  
  83  7:02  Probe  
  87  7:09  Zealot x4  
  87  7:11  Pylon  
  95  7:19  Phoenix (Chrono Boost)  
  95  7:20  Probe  
  96  7:23  Probe  
  96  7:27  Assimilator  
  96  7:29  Assimilator, Probe  
  98  7:35  Pylon  
  98  7:36  Dark Templar x3  
  102  7:41  Shield Battery  
  102  7:42  Shield Battery, Dark Templar  
  102  7:43  Shield Battery  
  102  7:51  Phoenix  
  98  8:01  Phoenix (Chrono Boost)  
  98  8:02  Probe  
  98  8:04  Zealot  
  103  8:10  Probe  
  104  8:14  Probe  
  104  8:15  Gateway  
  104  8:16  Gateway  
  105  8:24  Zealot  
  105  8:25  Zealot x3, Void Ray (Chrono Boost)  
  105  8:26  Forge  
  117  8:28  Void Ray (Chrono Boost)  
  121  8:35  Zealot  
  123  8:46  Zealot  
  125  9:05  Gateway  
Show
View Real Time Build Order
Export as new Build Order

Lambo Zerg 

Build Orders: Hatch First 

Get SALT Encoding   

  12  0:00  Drone  
  13  0:13  Overlord  
  13  0:16  Drone  
  14  0:31  Drone x2  
  16  0:47  Hatchery  
  15  0:51  Drone  
  15  0:55  Drone  
  17  0:58  Drone  
  18  1:14  Spawning Pool  
  18  1:17  Drone, Extractor  
  17  1:21  Drone  
  18  1:29  Drone  
  19  1:40  Drone  
  20  1:51  Overlord  
  20  2:01  Queen x2  
  20  2:02  Zergling x4  
  26  2:10  Drone  
  26  2:11  Drone  
  28  2:18  Metabolic Boost  
  28  2:25  Drone x2  
  30  2:36  Hatchery  
  29  2:39  Zergling x2  
  29  2:40  Zergling x2  
  29  2:43  Drone  
  32  2:47  Overlord  
  32  2:53  Queen  
  34  3:04  Drone x2  
  36  3:10  Drone x3  
  39  3:13  Drone  
  39  3:14  Drone  
  39  3:16  Drone  
  42  3:20  Queen  
  42  3:23  Overlord  
  44  3:40  Overlord  
  44  3:41  Queen  
  44  3:45  Drone x6  
  52  3:51  Overlord  
  52  3:54  Overlord  
  52  3:59  Overlord  
  52  4:03  Overlord  
  52  4:04  Drone  
  52  4:08  Overlord  
  53  4:10  Drone x4  
  53  4:15  Drone  
  58  4:17  Spore Crawler  
  58  4:18  Drone  
  58  4:19  Zergling x4  
  58  4:21  Drone  
  58  4:23  Spore Crawler  
  59  4:29  Zergling x2, Spore Crawler  
  59  4:30  Zergling x2  
  60  4:32  Queen  
  60  4:34  Drone  
  60  4:36  Drone x2  
  65  4:42  Zergling x8  
  69  4:48  Zergling x6  
  72  4:53  Roach Warren  
  72  4:55  Overlord  
  72  4:57  Overlord  
  72  4:59  Overlord  
  71  5:00  Drone x2  
  71  5:03  Drone x3  
  71  5:06  Drone x2  
  76  5:08  Drone  
  76  5:12  Drone, Extractor  
  76  5:13  Extractor  
  76  5:15  Lair  
  76  5:16  Drone x2  
  76  5:19  Drone  
  79  5:25  Drone  
  79  5:31  Drone x3  
  79  5:32  Overlord  
  81  5:37  Roach x2  
  81  5:42  Evolution Chamber, Roach  
  91  5:43  Roach x6  
  91  5:46  Roach  
  91  5:49  Roach x2  
  98  5:51  Overlord  
  98  5:52  Roach  
  100  6:00  Extractor  
  99  6:05  Roach x3  
  99  6:07  Overlord  
  99  6:09  Overlord  
  105  6:12  Roach  
  105  6:13  Roach x2  
  110  6:19  Roach  
  110  6:20  Roach x4  
  110  6:25  Drone x4  
  124  6:30  Drone  
  119  6:35  Drone x2  
  124  6:40  Drone x6  
  124  6:42  Drone  
  123  6:49  Roach x3  
  126  6:55  Roach  
  128  7:05  Roach x4  
  131  7:14  Roach x3  
  136  7:16  Overlord  
  136  7:22  Overlord  
  135  7:24  Glial Reconstitution  
  135  7:26  Overlord  
  135  7:28  Zergling x4  
  137  7:31  Zergling x2  
  137  7:36  Ravager, Zergling x4  
  137  7:37  Zergling x2  
  142  7:38  Zergling x4  
  142  7:41  Ravager  
  142  7:42  Zergling x4  
  147  7:47  Overseer x3  
  146  7:51  Zergling x8  
  146  7:56  Hydralisk Den  
  138  8:02  Zergling x4  
  138  8:04  Zergling x4  
  137  8:06  Pneumatized Carapace  
  137  8:08  Overseer  
  135  8:13  Roach x2  
  135  8:16  Roach  
  135  8:19  Roach  
  138  8:20  Roach  
  138  8:23  Roach  
  134  8:29  Roach x3  
  140  8:34  Overlord x3  
  140  8:35  Extractor, Overlord  
  139  8:46  Overlord  
  129  8:54  Drone x6  
  129  8:55  Extractor  

Tags
 
Add a new tag
Caveats
  • Supply blocks, unpowered buildings, or Contaminate may cause inaccurate times.
  • Supply counts are checked every 10 seconds.